AoeStats
← fede3042

Arena

505760260Analyzed
2v2 RM · 21d ago on Sep 10, 2026· 50m 38s· 4 players
Game mode
Random Map
Map size
Medium (4 player)
Population
200
Speed
Normal
Resources
Standard
Victory
Conquest
Starting age
Dark Age
Ending age
Imperial Age
RankedLock teamsTeams togetherTeam positionsShared explorationLock speedFull tech treeHidden civsTurbo modeCheats
Victory
Defeat
🇧🇷 Khmer · Brazil
779
+12
🇦🇷 Burgundians · Argentina
743
+14
🇦🇷 Bohemians · Argentina
696
-13
🇦🇷 Persians · Argentina
692
-13
Dgo
0:32 Loom
9:56 Feudal Age
12:58 Double-Bit Axe
15:44 Wheelbarrow
16:25 Horse Collar
17:24 Stone Mining
20:36 Castle Age
21:39 Bow Saw
23:14 Light Cavalry
26:14 Hand Cart
30:12 Gold Mining
33:08 Imperial Age
30:20 Pikeman
32:38 Gold Shaft Mining
32:39 Stone Shaft Mining
34:52 Conscription
34:51 Halberdier
36:26 Double Crossbow
38:31 Forging
38:22 Scale Mail Armor
38:28 Scale Barding Armor
40:35 Chemistry
42:18 Hussar
43:09 Bloodlines
42:59 Husbandry
Aldomagno
7:54 Loom
12:53 Feudal Age
12:28 Double-Bit Axe
14:08 Gold Mining
14:29 Bow Saw
14:10 Stone Mining
14:03 Horse Collar
13:54 Man-at-Arms
15:53 Wheelbarrow
20:33 Castle Age
19:24 Heavy Plow
21:11 Forging
21:06 Scale Barding Armor
21:57 Husbandry
22:15 Cavalier
30:29 Gold Shaft Mining
30:30 Stone Shaft Mining
31:58 Hand Cart
36:04 Imperial Age
34:22 Iron Casting
36:45 Chain Barding Armor
38:56 Blast Furnace
38:31 Plate Barding Armor
38:13 Paladin
40:00 Conscription
40:04 Elite Coustillier
44:54 Burgundian Vineyards
47:41 Hoardings
jfederico.quintana
0:46 Loom
12:04 Feudal Age
14:26 Wheelbarrow
13:47 Double-Bit Axe
15:41 Horse Collar
18:02 Man-at-Arms
19:16 Arson
20:54 Fletching
21:06 Scale Mail Armor
24:53 Castle Age
23:07 Padded Archer Armor
23:27 Forging
25:27 Crossbowman
25:39 Pikeman
27:34 Bow Saw
29:57 Chemistry
30:49 Fortified Wall
30:36 Murder Holes
32:34 Heavy Plow
33:23 Bodkin Arrow
33:46 Chain Mail Armor
33:47 Leather Archer Armor
39:32 Imperial Age
42:44 Ballistics
41:59 Houfnice
44:18 Hand Cart
44:53 Heavy Scorpion
fede3042
1:07 Loom
10:20 Feudal Age
14:43 Double-Bit Axe
14:42 Horse Collar
19:11 Castle Age
17:47 Gold Mining
17:47 Stone Mining
20:13 Wheelbarrow
19:57 Heavy Plow
22:42 Stone Shaft Mining
22:43 Gold Shaft Mining
27:51 Town Watch
28:54 Scale Barding Armor
29:00 Forging
29:07 Kamandaran
29:29 Hand Cart
29:56 Masonry
30:35 Bow Saw
31:21 Heated Shot
32:07 Ballistics
33:14 Pikeman
34:03 Husbandry
34:18 Murder Holes
34:15 Guard Tower
37:14 Iron Casting
37:00 Chain Barding Armor
39:22 Imperial Age
37:55 Squires
39:49 Cavalier
40:43 Crossbowman
43:26 Chemistry
42:58 Padded Archer Armor
42:49 Fletching
44:58 Capped Ram
46:01 Halberdier
48:19 Thumb Ring
48:28 Savar
50:00 Savar
Connection lost

Rejoining the realm…

Still unreachable

The connection could not be restored.

Session expired

The server has moved on; the page needs a fresh start.